 Dungeon Crawl Stone Soup version 0.31-a0-460-g9e667d4245 (webtiles) character file.

Game seed: 5659067207404913871

336 Arzdou the Ruffian (level 6, -2/47 HPs)
             Began as a Demonspawn Shapeshifter on Aug 4, 2023.
             Slain by a gnoll
             ... wielding a +0 club
             ... led by a gnoll sergeant
              (3 damage)
             ... on level 5 of the Dungeon.
             The game lasted 00:05:17 (2760 turns).

Arzdou the Ruffian (Demonspawn Shapeshifter)        Turns: 2760, Time: 00:05:17

Health: -2/47      AC:  6    Str: 17    XL:     6   Next: 28%
Magic:  6/6        EV: 10    Int: 10    God:
Gold:   138        SH:  0    Dex: 13    Spells: 5/5 levels left

rFire   . .          .
                       - Unarmed
rCold   . . .        (no shield)
rNeg    . . .        h - +0 scale mail
rPois   .            f - melded +0 helmet
rElec   .            (cloak currently unavailable)
rCorr   .            o - melded +0 pair of gloves
SInv    .            (boots currently unavailable)
Will    .....        (no amulet) Stlth
                     (no ring)
HPRegen 0.27/turn    (no ring)
MPRegen 0.10/turn

%: no passive effects
@: about to teleport, beast-form
A: beast (slay +2), hooves 2, powered by death 1, spiny 1
a: Begin Untransformation


You were on level 5 of the Dungeon.
You were a hulking beast.
You visited 1 branch of the dungeon, and saw 5 of its levels.

You collected 138 gold pieces.

Inventory:

Missiles
 m - 2 throwing nets
Armour
 a - a +0 animal skin
 f - a +0 helmet (melded)
 h - a +0 scale mail (worn)
 o - a +0 pair of gloves (melded)
Jewellery
 q - a ring of poison resistance
Talismans
 c - a beast talisman (active)
Scrolls
 i - a scroll of amnesia {unknown}
 j - a scroll of teleportation
 k - a scroll of fog
 n - a scroll of blinking
 r - a scroll of immolation {unknown}
 s - 2 scrolls of vulnerability {unknown}
Potions
 b - a potion of magic {unknown}
 d - a potion of berserk rage {unknown}
 e - 2 potions of mutation
 g - 3 potions of curing
 l - a potion of ambrosia
 p - a potion of attraction {unknown}


   Skills:
 - Level 3.0 Fighting
 - Level 2.2 Dodging
 + Level 4.5 Unarmed Combat
 + Level 3.9 Shapeshifting


You had 5 spell levels left.
You didn't know any spells.
Your spell library contained the following spells:

 Spells                   Type           Power      Damage    Failure   Level
 Kiss of Death            Conj/Necr      0%         2d5       80%         1
 Blink                    Tloc           0%         N/A       91%         2
 Lesser Beckoning         Tloc           0%         N/A       91%         2
 Momentum Strike          Conj/Tloc      0%         3d8       91%         2
 Poisonous Vapours        Pois/Air       0%         N/A       91%         2
 Confusing Touch          Hex            0%         N/A       99%         3
 Mephitic Cloud           Conj/Pois/Air  0%         N/A       99%         3
 Dispel Undead            Necr           0%         3d6       100%        4
 Freezing Cloud           Conj/Ice/Air   0%         6-21      100%        5


Dungeon Overview and Level Annotations

Branches:
Dungeon (5/15)
 Temple: D:4-7

Altars:

Annotations:
D:3 2 runed translucent doors, Sigmund


Innate Abilities, Weirdness & Mutations

You are a hulking beast.
Your limbs bulge with bestial killing power. (Slay +2)
You have hoof-like feet.
You regenerate a little health from kills.
You are partially covered in sharp spines.


Message History

You kill the gnoll!
A gnoll sergeant and a gnoll come into view.
The gnoll sergeant shouts!
The gnoll shouts!
You see here a +0 spear.
There is a stone staircase leading up here.
A gnoll comes into view. It is wielding a +0 club.
The gnoll shouts!
A gnoll comes into view. It is wielding a +0 halberd.
The gnoll sergeant hits you from afar with a +0 spear.
The gnoll shouts!
You hit the gnoll. You kick the gnoll.
The gnoll is almost dead.
The gnoll sergeant hits you from afar with a +0 spear!
The gnoll hits you with a +0 club.
You hit the gnoll.
You kill the gnoll!
The gnoll sergeant barely misses you. The gnoll closely misses you.
The gnoll sergeant hits you but does no damage.
A sleepcap comes into view.
Okay, then.
Okay, then.
You punch the gnoll sergeant! Your punch misses the gnoll sergeant.
The gnoll sergeant is moderately wounded.
The gnoll barely misses you.
The gnoll sergeant is struck by your spines.
The gnoll sergeant hits you with a +0 spear!
You closely miss the gnoll sergeant.
The gnoll sergeant is moderately wounded.
The gnoll barely misses you. The gnoll is struck by your spines.
The gnoll hits you with a +0 club.
* * * LOW HITPOINT WARNING * * *
The gnoll sergeant hits you with a +0 spear.
* * * LOW HITPOINT WARNING * * *
As you read the scroll of teleportation, it crumbles to dust.
You feel strangely unstable.
The gnoll hits you from afar with a +0 halberd!
* * * LOW HITPOINT WARNING * * *
The gnoll is struck by your spines. The gnoll hits you with a +0 club.
You die...

## >.... ...
..## .#.###.. .
....#...#.. .#
...#..... ..
#...... ..
#.....# .##
...##....##...#
...f...)g.....#
......ggh##..##
.......### ..#
..####. ... .
#. ..# #. .# #.
. #.


You could see a sleepcap, a gnoll sergeant and 2 gnolls.

Vanquished Creatures
  A water moccasin (D:3)
  A phantom (D:4)
  Terence (D:2)
  An iguana (D:4)
  An adder (D:2)
  3 gnolls
  3 worms
  4 orcs (D:3)
  3 endoplasms
  4 giant cockroaches (D:1)
  6 goblins
  7 hobgoblins
  A quokka (D:4)
  4 ball pythons
  4 bats
  6 frilled lizards
  4 kobolds
  4 rats
58 creatures vanquished.

Notes
Turn   | Place    | Note
-------+----------+-------------------------------------------
     0 | D:1      | Arzdou the Demonspawn Shapeshifter began the quest for the
                  | Orb.
     0 | D:1      | Reached XP level 1. HP: 15/15 MP: 1/1
   154 | D:1      | Gained mutation: You are partially covered in sharp spines.
                  | [demonic ancestry]
   154 | D:1      | Reached XP level 2. HP: 21/21 MP: 2/2
   255 | D:1      | Reached skill level 3 in Unarmed Combat
   501 | D:1      | Reached XP level 3. HP: 26/26 MP: 3/3
  1039 | D:2      | Noticed Terence
  1053 | D:2      | Killed Terence
  1054 | D:2      | Gained mutation: You regenerate a little health from kills.
                  | [demonic ancestry]
  1054 | D:2      | Reached XP level 4. HP: 12/33 MP: 4/4
  1720 | D:3      | Noticed a water moccasin
  1737 | D:3      | Killed a water moccasin
  1738 | D:3      | Reached skill level 4 in Unarmed Combat
  1738 | D:3      | Gained mutation: You have large cloven feet. [demonic
                  | ancestry]
  1738 | D:3      | Reached XP level 5. HP: 16/41 MP: 5/5
  1970 | D:3      | Noticed Sigmund
  1986 | D:3      | Found a runed translucent gate.
  1986 | D:3      | Found a runed translucent gate.
  2322 | D:4      | Noticed a phantom
  2346 | D:4      | Killed a phantom
  2347 | D:4      | Gained mutation: You have hoof-like feet. [demonic
                  | ancestry]
  2347 | D:4      | Reached XP level 6. HP: 42/47 MP: 6/6
  2736 | D:5      | Entered Level 5 of the Dungeon
  2760 | D:5      | HP: 1/47 [gnoll/+0 halberd[a gnoll sergeant] (9)]
  2760 | D:5      | Slain by a gnoll

Illustrated notes

Levels and vault maps discovered:
D:1:      psy_arrival_whirlpool, layout_basic
D:2:      layout_loops_cross, kennysheep_generic_room_9, uniq_terence
D:3:      layout_rooms, ebering_ghost_rock_garden, hellmonk_no_cap,
          uniq_sigmund, uniq_jessica
D:4:      layout_loops_ring
D:5:      layout_cave_pools, lemuel_coloured_pillars_altar, uniq_ijyb,
          uniq_duvessa

Skill      XL: |  1  2  3  4 |
---------------+-------------+-----
Dodging        | 2 |  2.2
Unarmed Combat | 3 4 |  4.5
Shapeshifting  | 3 |  3.9
Fighting       | 2 3 |  3.0

Action                     |  1- 3 |  4- 6 || total
---------------------------+-------+-------++-------
  Melee: Unarmed           |    85 |    60 ||   145
         Punch             |     3 |       ||     3
         Kick              |       |     8 ||     8
    Use: Potion            |     2 |     1 ||     3
         Scroll            |       |     7 ||     7
 Armour: Animal skin       |    10 |       ||    10
         Skin              |     5 |       ||     5
         Scale mail        |    10 |    11 ||    21
  Dodge: Dodged            |    34 |    18 ||    52
         Form:             |       |     1 ||     1
         Beast             |       |     1 ||     1

Table legend: (Time is in decaauts)
 A = Elapsed time spent in this place.
 B = Non-inter-level travel time spent in this place.
 C = Inter-level travel time spent in this place.
 D = Time resting spent in this place.
 E = Time spent auto-exploring this place.
 F = Levels seen in this place.
 G = Mean time per level.
                   A        B        C        D        E       F      G
               +--------+--------+--------+--------+--------+-----+--------+
         Total |   2749 |   2688 |     61 |    444 |   1812 |   5 |  549.8 |
       Dungeon |   2749 |   2688 |     61 |    444 |   1812 |   5 |  549.8 |
               +--------+--------+--------+--------+--------+-----+--------+

Top non-repeatable levels by time:
     D:2: 806 daAuts
     D:1: 782 daAuts
     D:4: 745 daAuts
     D:3: 391 daAuts
     D:5: 23 daAuts
